 Dungeon Crawl Stone Soup version 0.31-a0-931-g7b59d4eb97 (webtiles) character file.

Game seed: 4871627337321350750

974 Morbidden the Conjurer (level 7, -2/40 HPs)
             Began as a Deep Elf Conjurer on Oct 19, 2023.
             Succumbed to a water moccasin's poison
             ... on level 6 of the Dungeon.
             The game lasted 00:03:18 (5453 turns).

Morbidden the Conjurer (Deep Elf Conjurer)          Turns: 5453, Time: 00:03:19

Health: -2/40      AC:  3    Str:  4    XL:     7   Next: 95%
Magic:  11/19      EV: 12    Int: 31    God:
Gold:   365        SH:  4    Dex: 13    Spells: 12/19 levels left

rFire   + . .        a - +1 long sword (holy)
rCold   . . .        w - +0 buckler
rNeg    . . .        v - +0 robe
rPois   .            i - +0 helmet
rElec   .            (no cloak)
rCorr   .            (no gloves)
SInv    .            (no boots)
Will    .....        (no amulet)
Stlth   ++           h - +6 ring of intelligence
HPRegen 0.26/turn    u - ring of protection from fire
MPRegen 0.16/turn

%: no passive effects
@: lethally poisoned (-2 -> -11), very slightly contaminated, slowed, very slow
A: no striking features
a: no special abilities


You were on level 6 of the Dungeon.
You visited 1 branch of the dungeon, and saw 6 of its levels.

You collected 365 gold pieces.

Inventory:

Hand Weapons
 a - a +1 long sword of holy wrath (weapon)
Armour
 i - a +0 helmet (worn)
 v - a +0 robe (worn)
 w - a +0 buckler (worn)
Jewellery
 h - a +6 ring of intelligence (left hand)
 u - a ring of protection from fire (right hand)
Wands
 d - a wand of acid (14)
Scrolls
 c - 4 scrolls of identify {unknown}
 f - a scroll of enchant armour {unknown}
 k - a scroll of torment {unknown}
 m - a scroll of revelation {unknown}
 n - a scroll of silence {unknown}
 o - 2 scrolls of fear {unknown}
 q - a scroll of vulnerability {unknown}
 t - a scroll of enchant weapon {unknown}
Potions
 b - a potion of magic
 g - a potion of mutation {unknown}
 j - 3 potions of heal wounds {unknown}
 l - a potion of enlightenment {unknown}
 p - a potion of attraction {unknown}
 r - a potion of berserk rage {unknown}
 s - a potion of haste {unknown}


   Skills:
 * Level 2.2 Fighting
 * Level 0.2 Long Blades
 * Level 2.2 Armour
 * Level 3.8 Dodging
 + Level 3.7 Stealth
 * Level 0.2 Shields
 + Level 0.8 Unarmed Combat
 * Level 6.7 Spellcasting
 * Level 7.1 Conjurations
 * Level 1.2 Translocations


You had 12 spell levels left.
You knew the following spells:

 Your Spells              Type           Power      Damage    Failure   Level
a - Magic Dart            Conj           100%       1d8       1%          1
b - Searing Ray           Conj           100%       2d8       1%          2
z - Iskenderun's Mystic   Conj/Tloc      36%        2d9       16%         4

Your spell library contained the following spells:

 Spells                   Type           Power      Damage    Failure   Level
 Dazzling Flash           Conj/Hex       64%        N/A       6%          3
 Summon Small Mammal      Summ           40%        N/A       9%          1
 Cigotuvi's Dreadful Rot  Necr/Pois/Air  20%        N/A       14%         2
 Fulminant Prism          Conj/Hex       16%        3d10      21%         4
 Call Canine Familiar     Summ           10%        N/A       26%         3
 Ignite Poison            Fire/Tmut/Pois 10%        N/A       26%         3
 Summon Guardian Golem    Hex/Summ       10%        N/A       26%         3
 Freezing Cloud           Conj/Ice/Air   12%        6-21      67%         5


Dungeon Overview and Level Annotations

Branches:
Dungeon (6/15)
 Temple: D:4-7

Altars:
Sif Muna
Xom
Yredelemnul
The Shining One


Message History

The water moccasin bites you. The orc attacks as it pursues you!
The orc closely misses you.
The water moccasin completely misses you.
Unknown command.
Unknown command.
Casting: Iskenderun's Mystic Blast (quite dangerous; 16% risk of failure)
Confirm with . or Enter, or press ? or * to list all spells.
You erupt in a blast of force!
The mystic blast hits the kobold brigand!
The kobold brigand is almost dead.
The kobold brigand is knocked back by the mystic blast.
The mystic blast hits the orc.
The orc is heavily wounded.
The orc is knocked back by the mystic blast.
The mystic blast hits the orc!
You kill the orc!
The mystic blast hits the water moccasin!
The water moccasin is severely wounded.
The water moccasin is knocked back by the mystic blast.
The water moccasin collides with the kobold brigand!
You kill the kobold brigand!
The water moccasin is almost dead.
Your Armour skill increases to level 2!
Unknown command.
You feel better. The water moccasin bites you.
You are poisoned.
The water moccasin poisons you! The water moccasin bites you!
* * * LOW HITPOINT WARNING * * *
The orc priest calls upon Beogh to heal the orc.
The orc's wounds heal themselves!
The water moccasin bites you!
* * * LOW HITPOINT WARNING * * *
Your magical contamination has completely faded away.
Unknown command.
Unknown command.
Casting: Iskenderun's Mystic Blast (quite dangerous; 16% risk of failure)
Confirm with . or Enter, or press ? or * to list all spells.
You miscast Iskenderun's Mystic Blast.
You are very lightly contaminated with residual magic.
Nothing appears to happen.
You die...

.. #...... ... #.....
..####....#
#........# +.....o..#
#..).....#
####..o.....# .
.....)).o...# ...
.....).S@...####.....
..)..........<.......
>....................
.....................
.....................
.....................
####.................
#........#######..
........# ..


You could see a water moccasin, an orc priest and 2 orcs.

Vanquished Creatures
  Sigmund (D:3)
  A black bear (D:5)
  2 ogres
  A kobold brigand (D:6)
  A scorpion (D:5)
  3 hounds (D:5)
  3 jellies
  Jessica (D:3)
  Ijyb (D:3)
  An iguana (D:4)
  7 adders
  A white imp (D:5)
  4 worms
  A dart slug (D:2)
  10 orcs
  5 bats
  4 endoplasms
  A giant cockroach (D:4)
  3 goblins
  6 hobgoblins
  3 jackals (D:4)
  7 quokkas
  5 ball pythons
  2 frilled lizards
  15 kobolds
  3 rats
92 creatures vanquished.

Notes
Turn   | Place    | Note
-------+----------+-------------------------------------------
     0 | D:1      | Morbidden the Deep Elf Conjurer began the quest for the
                  | Orb.
     0 | D:1      | Reached XP level 1. HP: 10/10 MP: 6/6
   184 | D:1      | Reached XP level 2. HP: 15/15 MP: 2/8
  1156 | D:2      | Reached skill level 5 in Conjurations
  1205 | D:2      | Reached XP level 3. HP: 19/19 MP: 6/10
  1607 | D:2      | Learned a level 2 spell: Searing Ray
  2094 | D:3      | Noticed Jessica
  2097 | D:3      | Killed Jessica
  2098 | D:3      | Reached XP level 4. HP: 24/24 MP: 8/12
  2359 | D:3      | Found a faded altar of an unknown god.
  2359 | D:3      | Noticed a ynoxinul
  2512 | D:3      | Noticed Sigmund
  2521 | D:3      | Killed Sigmund
  2522 | D:3      | Reached skill level 1 in Fighting
  2522 | D:3      | Reached skill level 1 in Armour
  2522 | D:3      | Reached skill level 5 in Spellcasting
  2522 | D:3      | Reached skill level 6 in Conjurations
  2522 | D:3      | Reached XP level 5. HP: 29/29 MP: 4/14
  2610 | D:3      | Noticed Ijyb
  2619 | D:3      | Killed Ijyb
  2620 | D:3      | Reached XP level 6. HP: 18/34 MP: 5/15
  3647 | D:4      | Found a shimmering blue altar of Sif Muna.
  3647 | D:4      | Found a basalt altar of Yredelemnul.
  4391 | D:5      | Entered Level 5 of the Dungeon
  4420 | D:5      | Found a shimmering altar of Xom.
  4432 | D:5      | Reached XP level 7. HP: 34/38 MP: 11/18
  4482 | D:5      | Learned a level 4 spell: Iskenderun's Mystic Blast
  4808 | D:5      | Reached skill level 1 in Translocations
  5310 | D:5      | Reached skill level 7 in Conjurations
  5372 | D:5      | Found a glowing golden altar of the Shining One.
  5452 | D:6      | HP: 1/40 [water moccasin (8)]
  5453 | D:6      | Succumbed to a water moccasin's poison

Illustrated notes

Levels and vault maps discovered:
D:1:      ldierk_walled_garden_2, layout_rooms
D:2:      layout_basic
D:3:      layout_basic, dreamdust_ecumenical_altar_sealed_demon, uniq_ijyb,
          uniq_jessica, uniq_sigmund
D:4:      nicolae_cairo_tiling_large_dashed, layout_basic, jmf_multi_god_temple
D:5:      kennysheep_spiral_hall, layout_rooms, nicolae_tso_swordbearing_angel,
          old_standard_altar
D:6:      layout_gridville, serial_shops, nicolae_shop_industrial_runoff

Skill      XL: |  1  2  3  4  5  6  7 |
---------------+----------------------+-----
Conjurations   | 5 6 7 |  7.1
Spellcasting   | 4 5 6 |  6.7
Fighting       | 1 2 |  2.2
Armour         | 1 2 |  2.2
Dodging        | 3 |  3.8
Stealth        | 3 |  3.7
Translocations | 1 |  1.2
Long Blades    | |  0.2
Shields        | |  0.2
Unarmed Combat | |  0.8

Action                     |  1- 3 |  4- 6 |  7- 9 || total
---------------------------+-------+-------+-------++-------
  Melee: Unarmed           |       |     5 |       ||     5
   Cast: Magic Dart        |    80 |    96 |    60 ||   236
         Searing Ray       |     1 |     6 |     2 ||     9
         Iskenderun's Myst |       |       |     3 ||     3
    Use: Potion            |       |     3 |     3 ||     6
 Armour: Robe              |     7 |    15 |    12 ||    34
         Skin              |       |     3 |       ||     3
  Dodge: Dodged            |     3 |    11 |    10 ||    24
  Block: Buckler           |       |       |     2 ||     2

Table legend: (Time is in decaauts)
 A = Elapsed time spent in this place.
 B = Non-inter-level travel time spent in this place.
 C = Inter-level travel time spent in this place.
 D = Time resting spent in this place.
 E = Time spent auto-exploring this place.
 F = Levels seen in this place.
 G = Mean time per level.
                   A        B        C        D        E       F      G
               +--------+--------+--------+--------+--------+-----+--------+
         Total |   5460 |   5285 |    175 |     98 |   4705 |   6 |  910.0 |
       Dungeon |   5460 |   5285 |    175 |     98 |   4705 |   6 |  910.0 |
               +--------+--------+--------+--------+--------+-----+--------+

Top non-repeatable levels by time:
     D:4: 1296 daAuts
     D:2: 1225 daAuts
     D:3: 1151 daAuts
     D:5: 1019 daAuts
     D:1: 721 daAuts
     D:6: 45 daAuts
